 Dungeon Crawl Stone Soup version 0.29.1-15-g9cfb28693d (webtiles) character file.

Game seed: 4563229591196791961

1306 safid the Chiller (level 8, 0/64 HPs)
             Began as a Merfolk Ice Elementalist on Apr 4, 2023.
             Was a Follower of Vehumet.
             Killed from afar by Maggie (19 damage)
             ... with a bolt of fire
             ... on level 6 of the Dungeon on Apr 5, 2023.
             The game lasted 00:14:57 (7403 turns).

safid the Chiller (Merfolk Ice Elementalist)        Turns: 7403, Time: 00:14:57

Health: 0/64       AC: 15    Str:  9    XL:     8   Next: 57%
Magic:  4/16       EV: 12    Int: 22    God:    Vehumet [*.....]
Gold:   282        SH:  0    Dex: 14    Spells: 11/18 levels left

rFire   . . .      SeeInvis .   c - +0 dagger
rCold   . . .      Faith    .   (no shield)
rNeg    . . .      Spirit   .   a - +0 robe
rPois   +          Reflect  .   (no helmet)
rElec   .          Harm     .   (no cloak)
rCorr   .          Rampage  .   E - +1 pair of gloves
Will    .....                   w - +2 pair of boots
Stlth   ++........              F - amulet of the acrobat
HPRegen 0.20/turn               y - ring of poison resistance
MPRegen 0.15/turn               G - +6 ring of intelligence

@: ice-armoured (expiring), freezing walls, mesmerised
A: (nimble swimmer 2), mertail
a: Renounce Religion


You were on level 6 of the Dungeon.
You worshipped Vehumet.
Vehumet was aware of your devotion.
You visited 2 branches of the dungeon, and saw 7 of its levels.
You also visited: Sewer.

You collected 282 gold pieces.

Inventory:

Hand Weapons
 c - a +0 dagger (weapon)
Armour
 a - a +0 robe (worn)
 g - a +0 pair of gloves
 w - a +2 pair of boots (worn)
 E - a +1 pair of gloves (worn)
Jewellery
 y - a ring of poison resistance (left hand)
 F - an amulet of the acrobat (around neck)
 G - a +6 ring of intelligence (right hand)
Wands
 B - a wand of light (10)
Scrolls
 e - 11 scrolls of identify {unknown}
 h - a scroll of poison {unknown}
 i - 2 scrolls of magic mapping {unknown}
 j - a scroll of amnesia {unknown}
 l - 4 scrolls of teleportation {unknown}
 n - 2 scrolls of blinking {unknown}
 q - 3 scrolls of enchant weapon {unknown}
 s - a scroll of fear {unknown}
 t - 2 scrolls of butterflies {unknown}
 u - a scroll of noise {unknown}
 x - a scroll of immolation {unknown}
 A - a scroll of brand weapon {unknown}
 C - a scroll of vulnerability {unknown}
Potions
 b - a potion of magic
 d - 3 potions of cancellation {unknown}
 f - 3 potions of curing
 k - 2 potions of heal wounds {unknown}
 m - a potion of flight {unknown}
 o - a potion of resistance {unknown}
 p - a potion of ambrosia {unknown}
 r - 2 potions of berserk rage
 v - 5 potions of lignification {unknown}
 z - 4 potions of might
 D - a potion of attraction {unknown}


   Skills:
 + Level 6.2 Fighting
 - Level 2.6 Dodging
 - Level 2.1 Stealth
 + Level 5.6 Spellcasting
 + Level 7.8 Ice Magic


You had 11 spell levels left.
You knew the following spells:

 Your Spells              Type           Power      Damage    Failure   Level
a - Freeze                Ice            100%       1d11      1%          1
b - Frozen Ramparts       Ice            80%        1d13      1%          3
c - Ozocubu's Armour      Ice            40%        N/A       1%          3

Your spell library contained the following spells:

 Spells                   Type           Power      Damage    Failure   Level
 Magic Dart               Conj           24%        1d4       10%         1
 Ensorcelled Hibernation  Hex/Ice        46%        N/A       2%          2
 Apportation              Tloc           12%        N/A       10%         1
 Blink                    Tloc           12%        N/A       14%         2
 Passwall                 Tmut/Erth      5%         N/A       14%         2
 Hailstorm                Conj/Ice       23%        3d7       19%         4
 Lesser Beckoning         Tloc           6%         N/A       28%         3
 Swiftness                Air            6%         N/A       28%         3
 Alistair's Intoxication  Tmut/Pois      4%         N/A       95%         5
 Blade Hands              Tmut           3%         N/A       95%         5
 Irradiate                Conj/Tmut      3%         3d12      95%         5
 Manifold Assault         Tloc           6%         N/A       95%         5
 Dragon Form              Tmut           3%         N/A       100%        7


Dungeon Overview and Level Annotations

Branches:
Dungeon (6/15)             Temple (1/1) D:4           Sewer (visited)

Altars:
Cheibriados
Dithmenos
Elyvilon
Gozag
Hepliaklqana
Kikubaaqudgha
Nemelex Xobeh
Okawaru
Sif Muna
Trog
Vehumet
Wu Jian
Xom
Zin
The Shining One

Shops:
D:3 =

Annotations:
D:4 Grinder
D:5 1 runed translucent door, Crazy Yiuf
D:6 Maggie


Innate Abilities, Weirdness & Mutations

((You are very nimble when in or above water. (Stealth+, EV+, Speed+++)))
Your lower body shifts to a powerful aquatic tail in water.


Message History

Maggie casts a spell.
Maggie attempts to bespell you!
You are mesmerised by Maggie!
The wall freezes Maggie!
Maggie zaps a wand.
The puff of flame misses you.
Your icy armour evaporates.
The wall freezes Maggie.
Maggie completely misses you.
The frozen ramparts melt away.
Maggie drinks a potion.
Maggie is healed!
Maggie barely misses you.
Casting: Frozen Ramparts (safe; 1% risk of failure)
Confirm with . or Enter, or press ? or * to list all spells.
Casting: Frozen Ramparts (safe; 1% risk of failure)
Press: ? - help, Dir - look around, f - activate The walls around you are covered in ice.
The wall freezes Maggie.
Maggie misses you.
Unknown command.
Casting: Frozen Ramparts (safe; 1% risk of failure)
Confirm with . or Enter, or press ? or * to list all spells.
A film of ice covers your body!
The wall freezes Maggie but does no damage.
Maggie gestures at you while chanting. The bolt of fire hits you!
The heat melts your icy armour.
The wall freezes Maggie.
Maggie zaps a wand.
The puff of flame hits you!
* * * LOW HITPOINT WARNING * * *
The heat melts your icy armour.
Unknown command.
You hit Maggie.
Maggie is heavily wounded.
The wall freezes Maggie.
Maggie misses you.
Casting: Ozocubu's Armour (safe; 1% risk of failure)
Confirm with . or Enter, or press ? or * to list all spells.
Aiming: Freeze (safe; 1% risk of failure)
Press: ? - help, Shift-Dir - straight line, f - Maggie
Aim: Maggie, wielding a +0 vorpal halberd, wearing +2 swamp dragon scales and carrying a wand of flame (14) (severely wounded, mesmerising)
You freeze Maggie.
Maggie is severely wounded.
The wall freezes Maggie.
Maggie points at you and mumbles some strange words.
The bolt of fire hits you!!
You die...

.......###..........
..##....##†.......###
## ##...........###
#..........##
#.........##
#.........#
#...#......#
...####....# ..#
##@..# ##@..# ...#
#..# #..# .... .....
####


You could see Maggie (mesmerising).

Vanquished Creatures
  Sigmund (D:5)
  Menkaure (D:5)
  A water moccasin (D:5)
  4 ogres
  A necrophage (D:5)
  A howler monkey (D:5)
  A jelly (D:5)
  3 iguanas
  2 orc wizards (D:4)
  A hell rat (Sewer)
  A mummy (D:5)
  5 river rats (Sewer)
  11 adders
  A shadow imp (D:5)
  An ufetubus (D:4)
  4 worms
  4 dart slugs
  17 orcs
  6 endoplasms
  8 giant cockroaches
  6 goblins
  2 hobgoblins (D:2)
  4 jackals (D:2)
  4 quokkas
  5 ball pythons
  8 bats
  2 frilled lizards
  13 kobolds
  7 rats
125 creatures vanquished.

Vanquished Creatures (others)
  21 fungi (D:5)
21 creatures vanquished.

Grand Total: 146 creatures vanquished

Notes
Turn   | Place    | Note
-------+----------+-------------------------------------------
     0 | D:1      | safid the Merfolk Ice Elementalist began the quest for the
                  | Orb.
     0 | D:1      | Reached XP level 1. HP: 13/13 MP: 3/3
   531 | D:1      | Reached XP level 2. HP: 13/20 MP: 0/5
   680 | D:1      | Reached skill level 1 in Fighting
  1172 | D:2      | Reached XP level 3. HP: 19/26 MP: 1/6
  1176 | D:2      | Learned a level 3 spell: Frozen Ramparts
  1746 | D:2      | Reached skill level 5 in Ice Magic
  1884 | D:2      | Reached XP level 4. HP: 33/33 MP: 8/8
  2187 | D:2      | Learned a level 3 spell: Ozocubu's Armour
  2545 | D:3      | Found a glowing drain.
  2559 | Sewer    | Entered a sewer
  2653 | Sewer    | Reached XP level 5. HP: 27/39 MP: 2/9
  2949 | D:3      | Found Motoor's Jewellery Shoppe.
  3421 | D:3      | Found a bloodstained altar of Trog.
  3651 | D:3      | Found an opulent altar of Gozag.
  4045 | D:4      | Reached XP level 6. HP: 34/47 MP: 4/11
  4089 | D:4      | Noticed Grinder
  4449 | D:4      | Reached skill level 6 in Ice Magic
  4923 | D:4      | Found an ornate altar of the Wu Jian Council.
  5019 | D:4      | Found a staircase to the Ecumenical Temple.
  5028 | Temple   | Entered the Ecumenical Temple
  5241 | Temple   | Became a worshipper of Vehumet
  5403 | D:5      | Entered Level 5 of the Dungeon
  5465 | D:5      | Found a runed translucent door.
  5466 | D:5      | Noticed Crazy Yiuf
  5523 | D:5      | Reached XP level 7. HP: 43/54 MP: 4/13
  6017 | D:5      | Found a snail-covered altar of Cheibriados.
  6253 | D:5      | Reached skill level 5 in Fighting
  6253 | D:5      | Reached skill level 7 in Ice Magic
  6381 | D:5      | Found a shadowy altar of Dithmenos.
  6384 | D:5      | Noticed Menkaure
  6401 | D:5      | Killed Menkaure
  6402 | D:5      | Reached skill level 5 in Spellcasting
  6402 | D:5      | Reached XP level 8. HP: 63/63 MP: 6/15
  6758 | D:5      | Noticed Sigmund
  6959 | D:5      | Killed Sigmund
  6959 | D:5      | Reached * piety under Vehumet
  6959 | D:5      | Offered knowledge of Magic Dart by Vehumet.
  7223 | D:6      | Noticed Maggie
  7403 | D:6      | Killed from afar by Maggie

Illustrated notes

Levels and vault maps discovered:
D:1:      dpeg_arrival_houses_and_road, layout_loops_ring, serial_bayou_pond_a,
          grunt_decor_arrowhead
D:2:      layout_loops_ring, minmay_indecisive_spiral
D:3:      layout_basic, general_overflow_altar, lightli_temple_of_fire,
          serial_shops, nicolae_shop_crystal, gup_sewer_entry_pipe,
          minmay_goblin_kobold_house
D:4:      layout_cave_pools, mainiacjoe_overflow_brackets,
          minmay_temple_entry_poolview, minmay_misc_feat_tower,
          minmay_misc_feat_more_columns, skrybe_limestone_x,
          nicolae_grassy_gnolls, uniq_grinder
D:5:      layout_loops_corners, slow_altar_2, mainiacjoe_overflow_cross_hatched,
          st_stairs_14, chequers_serial_rivers_micro_e, uniq_crazy_yiuf_cottage,
          uniq_sigmund, uniq_menkaure
D:6:      layout_layer_cave, overflow_temple_1_default, uniq_maggie
Temple:   dpeg_chambers_temple

Skill      XL: |  1  2  3  4  5  6  7  8 |
---------------+-------------------------+-----
Fighting       | 1 2 3 4 5 6 |  6.2
Ice Magic      | 5 6 7 |  7.8
Spellcasting   | 3 4 5 |  5.6
Dodging        | |  2.6
Stealth        | |  2.1

Action                   |  1- 3 |  4- 6 |  7- 9 || total
-------------------------+-------+-------+-------++-------
Melee: Dagger            |    67 |    93 |    66 ||   226
       Tailslap          |       |     2 |     1 ||     3
       Punch             |       |     1 |     1 ||     2
 Cast: Freeze            |    28 |    50 |    17 ||    95
       Frozen Ramparts   |     1 |    17 |    20 ||    38
       Ozocubu's Armour  |       |     3 |    10 ||    13
  Use: Potion            |       |     1 |       ||     1
 Stab: Sleeping          |     2 |     3 |     1 ||     6
Armor: Robe              |    22 |    44 |    22 ||    88
Dodge: Dodged            |    46 |    97 |    50 ||   193
